 Dungeon Crawl Stone Soup version 0.30-a0-250-g41c1d76940 (webtiles) character file.

Game seed: 6473115721357034084

63 koil the Sneak (level 3, -1/17 HPs)
             Began as a Spriggan Enchanter on Oct 13, 2022.
             Slain by a quokka (2 damage)
             ... on level 3 of the Dungeon.
             The game lasted 00:06:11 (1985 turns).

koil the Sneak (Spriggan Enchanter)                 Turns: 1985, Time: 00:06:11

Health: -1/17      AC:  2    Str: 10    XL:     3   Next: 89%
Magic:  0/8        EV: 18    Int: 16    God:
Gold:   164        SH:  0    Dex: 17    Spells: 6/8 levels left

rFire   x . .      SeeInvis +    a - +1 dagger
rCold   + . .      Faith    .    (no shield)
rNeg    . . .      Spirit   .    b - +0 robe
rPois   .          Reflect  .    (helmet restricted)
rElec   .          Harm     .    (no cloak)
rCorr   .          Rampage  .    (gloves unavailable)
Will    .....                    (boots unavailable)
Stlth   +++.......               (no amulet)
HPRegen 0.22/turn                i - ring of ice
MPRegen 0.11/turn                l - +6 ring of strength

@: very quick
A: very small, no large weapons, unfitting armour, see invisible, speed 3
a: no special abilities


You were on level 3 of the Dungeon.
You visited 1 branch of the dungeon, and saw 3 of its levels.

You collected 164 gold pieces.

Inventory:

Hand Weapons
 a - a +1 dagger (weapon)
 f - a +2 sling of freezing
Armour
 b - a +0 robe (worn)
Jewellery
 i - a ring of ice (left hand)
 l - a +6 ring of strength (right hand)
Scrolls
 d - 2 scrolls of poison {unknown}
 g - a scroll of magic mapping {unknown}
 h - a scroll of vulnerability {unknown}
 k - a scroll of silence {unknown}
Potions
 c - 2 potions of invisibility
 e - 2 potions of curing {unknown}
 j - a potion of might {unknown}


   Skills:
 + Level 0.4 Fighting
 + Level 1.9 Short Blades
 + Level 3.3 Dodging
 + Level 5.0 Stealth
 + Level 3.1 Spellcasting
 + Level 4.1 Hexes
 + Level 0.7 Ice Magic


You had 6 spell levels left.
You knew the following spells:

 Your Spells              Type           Power      Damage    Failure   Level
a - Ensorcelled Hibernat  Hex/Ice        30%        N/A       11%         2

Your spell library contained the following spells:

 Spells                   Type           Power      Damage    Failure   Level
 Confusing Touch          Hex            15%        N/A       10%         3
 Tukima's Dance           Hex            15%        N/A       10%         3
 Magic Dart               Conj           8%         1d3       19%         1
 Dazzling Flash           Conj/Hex       18%        N/A       24%         3
 Call Imp                 Summ           2%         N/A       28%         2
 Mephitic Cloud           Conj/Pois/Air  2%         N/A       50%         3


Dungeon Overview and Level Annotations

Branches:
Dungeon (3/15)

Altars:
Dithmenos

Shops:
D:1 (


Innate Abilities, Weirdness & Mutations

You are very small and have problems with some larger weapons.
You are too small for most types of armour.
You have supernaturally acute eyesight. (SInv)
You cover ground extremely quickly. (Speed+++)


Message History

The orc is lightly wounded.
The orc closely misses you.
You hit the orc but do no damage.
The orc is lightly wounded.
The goblin completely misses you. The orc completely misses you.
You see here a scroll labelled ZUPSIPHOSUE.
You closely miss the goblin. The goblin misses you.
Your magical contamination has completely faded away.
You hit the goblin.
You kill the goblin!
The orc hits you with a +0 whip. The orc closely misses you.
You see here a +0 dagger of venom.
You hit the orc but do no damage. The orc hits you with a +0 whip.
The orc misses you.
You hit the quokka.
The quokka is moderately wounded.
The orc closely misses you. The orc barely misses you.
The quokka closely misses you.
You closely miss the quokka.
The quokka is moderately wounded.
The quokka bites you. The orc hits you with a +0 whip.
The orc barely misses you.
You barely miss the quokka.
The quokka is moderately wounded.
The quokka closely misses you. The orc hits you with a +0 whip.
* * * LOW HITPOINT WARNING * * *
The orc closely misses you.
Casting: Ensorcelled Hibernation (safe; 11% risk of failure)
Confirm with . or Enter, or press ? or * to list all spells.
Aiming: Ensorcelled Hibernation (safe; 11% risk of failure)
Press: ? - help, Shift-Dir - straight line, f - orc
Aim: an orc, wielding a +0 whip and wearing a +0 chain mail (chance to affect: 66%)
You feel a surge of power!
The orc looks drowsy...
The quokka bites you.
* * * LOW HITPOINT WARNING * * *
The orc misses you.
The helpless orc fails to defend itself.
You puncture the orc!
You kill the orc!
The quokka bites you.
You die...

.......$.............
≈≈≈≈≈≈≈≈............
.......≈..........#
.#####.≈..........##.
.#.....≈.......##....
.#._.#.≈..†...!....#
.....#.≈.......###.#
.#####.≈.......###.###.##
......≈......o)@r.......
≈≈≈≈≈≈...<...o##.##..#.
......#..#.))# ..#
.g.####.###...._... ## #.
##.#...#.# #. #.##.##.#
#. ... ... . .$ ########
# ##


You could see 2 orcs and a quokka.

Vanquished Creatures
  An adder (D:2)
  A worm (D:2)
  2 dart slugs
  3 orcs (D:3)
  4 bats
  6 endoplasms
  4 giant cockroaches
  2 hobgoblins (D:2)
  3 jackals (D:1)
  2 quokkas
  6 ball pythons
  A frilled lizard (D:2)
  3 goblins
  3 kobolds
  4 rats
45 creatures vanquished.

Notes
Turn   | Place    | Note
-------+----------+-------------------------------------------
     0 | D:1      | koil the Spriggan Enchanter began the quest for the Orb.
     0 | D:1      | Reached XP level 1. HP: 9/9 MP: 5/5
   275 | D:1      | Reached XP level 2. HP: 13/13 MP: 6/6
   278 | D:1      | Learned a level 2 spell: Ensorcelled Hibernation
   592 | D:1      | Found Xahoulaj's Antique Weapon Shop.
   668 | D:1      | You fall into a shaft and drop 1 floor!
  1153 | D:2      | Reached XP level 3. HP: 16/16 MP: 5/8
  1934 | D:3      | Found a shadowy altar of Dithmenos.
  1952 | D:3      | Reached skill level 5 in Stealth
  1954 | D:3      | Found a faded altar of an unknown god.
  1985 | D:3      | Slain by a quokka

Illustrated notes

Levels and vault maps discovered:
D:1:      dpeg_arrival_three_same_balls, layout_basic, serial_shops,
          nicolae_lakefront_shop
D:2:      wad_pebble_path, layout_loops_corners, reono_crystal_passage
D:3:      layout_rooms, mainiacjoe_overflow_paths, mainiacjoe_overflow_brackets,
          ebering_ecumenical_altar_box

Skill      XL: |  1  2  3 |
---------------+----------+-----
Dodging        | 3 |  3.3
Spellcasting   | 3 |  3.1
Hexes          | 4 |  4.1
Stealth        | 5 |  5.0
Fighting       | |  0.4
Short Blades   | |  1.9
Ice Magic      | |  0.7

Action                   || total
-------------------------++-------
Melee: Dagger            ||   138
 Cast: Ensorcelled Hiber ||    11
 Stab: Sleeping          ||    20
Armor: Robe              ||    19
Dodge: Dodged            ||   108

Table legend: (Time is in decaauts)
 A = Elapsed time spent in this place.
 B = Non-inter-level travel time spent in this place.
 C = Inter-level travel time spent in this place.
 D = Time resting spent in this place.
 E = Time spent auto-exploring this place.
 F = Levels seen in this place.
 G = Mean time per level.
                   A        B        C        D        E       F      G
               +--------+--------+--------+--------+--------+-----+--------+
         Total |   1324 |   1283 |     41 |     75 |    913 |   3 |  441.3 |
       Dungeon |   1324 |   1283 |     41 |     75 |    913 |   3 |  441.3 |
               +--------+--------+--------+--------+--------+-----+--------+

Top non-repeatable levels by time:
     D:2: 760 daAuts
     D:1: 499 daAuts
     D:3: 64 daAuts
